 Dungeon Crawl Stone Soup version 0.29-a0-284-gf9362112df (webtiles) character file.

Game seed: 3873528842738891105

2 spaghetti the Digger (level 1, 7/15 HPs)
             Began as a Deep Dwarf Earth Elementalist on Mar 20, 2022.
             Quit the game on level 2 of the Dungeon.
             The game lasted 00:00:25 (48 turns).

spaghetti the Digger (Deep Dwarf Earth Elementalist)  Turns: 48, Time: 00:00:26

Health: 7/15       AC:  2    Str: 11    XL:     1   Next: 33%
Magic:  0/3        EV: 12    Int: 15    God:
Gold:   0          SH:  0    Dex: 13    Spells: 2/3 levels left

rFire   . . .      SeeInvis .   (no weapon)
rCold   . . .      Faith    .   (no shield)
rNeg    . . .      Spirit   .   b - +0 robe
rPois   .          Reflect  .   (no helmet)
rElec   .          Harm     .   (no cloak)
rCorr   .          Rampage  .   (no gloves)
Will    .....                   (no boots)
Stlth   ++........              (no amulet)
HPRegen 0.00/turn               (no ring)
MPRegen 0.08/turn               (no ring)

@: no status effects
A: damage resistance, heal wounds, sense surroundings 1, no regeneration
a: Heal Wounds


You were on level 2 of the Dungeon.
You visited 1 branch of the dungeon, and saw 2 of its levels.


Innate Abilities, Weirdness & Mutations

You are resistant to damage.
You can heal yourself by infusing magical energy.
You passively map a small area around you.
You do not regenerate.


   Skills:
 - Level 2.1 Dodging
 + Level 2.8 Stealth
 - Level 1.7 Spellcasting
 - Level 0.8 Transmutations
 - Level 4.0 Earth Magic


You had 2 spell levels left.
You knew the following spells:

 Your Spells              Type           Power      Damage    Failure   Level
a - Sandblast             Erth           26%        2d8       4%          1

Your spell library contained the following spells:

 Spells                   Type           Power      Damage    Failure   Level
 Passwall                 Tmut/Erth      6%         N/A       13%         2
 Stone Arrow              Conj/Erth      14%        3d7       30%         3
 Petrify                  Tmut/Erth      8%         N/A       63%         4

Inventory:

Missiles
 a - 28 stones {throwing}
Armour
 b - a +0 robe (worn)
Potions
 c - a potion of magic

Dungeon Overview and Level Annotations

Branches:
Dungeon (2/15)

Altars:

........#......#
* ,
.........#####..
, ,..
...$...#..##
.,*,#.# ,
####.####..## *
, ... #.. ##..#
* ... , #.
##.#####.#.. #.*
#........g. *
###r..#... , *
,* #.@## , #S##
,* , #.. , #.# ,
* ..# .#. , .. .
* * ,## *


You could see a quokka and a ball python.


Message History

🤖 Initializing magus.rc ...
Options error: Delay interrupt name "hungry" not recognised. (~/.crawlrc:4761) Options error: Bad monster_list_colour key: strict_neutral (~/.crawlrc:4776) ✅ Successfully initialized magus.rc [v1.9.6] Welcome, spaghetti the Deep Dwarf Earth Elementalist.
Everyone else who sought the Orb of Zot has failed.
Will you be different?
Press ? for a list of commands and other information.
Found 12 gold pieces.
Found a staircase leading out of the dungeon.
Found a stone staircase leading down.
An endoplasm comes into view.
An endoplasm is nearby!
You hit the plant.
The plant begins to die.
You hit the plant. You hit the plant but do no damage.
A nearby plant withers and dies.
You hit the plant.
The plant begins to die.
You hit the plant. You hit the plant. You hit the plant.
You completely miss the plant.
A nearby plant withers and dies.
A bat comes into view.
There is a stone staircase leading down here.
You climb downwards.
Found 25 gold pieces and a scroll labelled TIAVYOM QAMATI.
Found an escape hatch in the floor.
There is a stone staircase leading up here.
Unknown command.
Unknown command.
A ball python comes into view.
The ball python hisses angrily.
The helpless endoplasm fails to defend itself.
You hit the endoplasm but do no damage. The endoplasm barely misses you.
You hit the endoplasm. The endoplasm freezes you.
You are frozen.
You hit the endoplasm. The ball python barely misses you.
The ball python closely misses you. The quokka misses you.
The endoplasm freezes you.
You are frozen.
The ball python attacks as you move away!
The ball python bites you. The quokka bites you.
Aiming: Sandblast (safe; 4% risk of failure)
Press: ? - help, Q - select action, (/) - cycle Shift-Dir - straight line, f - ball python
Aim: a ball python (77% to hit)
You miscast Sandblast.
You are very lightly contaminated with residual magic.
Nothing appears to happen.
The ball python barely misses you. The ball python grabs you.
The ball python constricts you. The quokka bites you. 😕 HP[-3] MP[-1]
You take 3 damage, and now have 12/15 hp.
You lost 1 mp, and now have 2/3 mp.
Unknown command.
Aiming: Sandblast (safe; 4% risk of failure)
Press: ? - help, Q - select action, (/) - cycle Shift-Dir - straight line, f/p - ball python
Aim: a ball python (constricting you, 77% to hit)
The blast of sand hits the ball python!
You kill the ball python!
The quokka bites you.
The quokka barely misses you. 😮 HP[-1] MP[-1]
You take 1 damage, and now have 11/15 hp.
You lost 1 mp, and now have 1/3 mp.
Aiming: Sandblast (safe; 4% risk of failure)
Press: ? - help, Q - select action, (/) - cycle Shift-Dir - straight line, f - endoplasm
Aim: an endoplasm (moderately wounded, 98% to hit)
The blast of sand hits the endoplasm!
You kill the endoplasm!
The quokka bites you. 😮 MP[-1]
You lost 1 mp, and now have 0/3 mp.
You don't have enough magic to cast this spell.
Unknown command.
You don't have enough magic to cast this spell.
Unknown command.
You closely miss the quokka. The quokka misses you.
The quokka attacks as you move away!
The quokka bites you but does no damage.
The quokka bites you.
Your magical contamination has completely faded away. 😮 HP[-2]
You take 2 damage, and now have 9/15 hp.
A hobgoblin and a ball python come into view.
The ball python hisses angrily.
You barely miss the quokka. The quokka bites you.
* * * LOW HITPOINT WARNING * * *
😨 HP[-2]
You take 2 damage, and now have 7/15 hp.
You barely miss the quokka. The quokka closely misses you.
The ball python barely misses you. The ball python misses you.
The quokka barely misses you.
Okay, then.
Are you sure you want to abandon this character and quit the game? (Confirm with "yes".)

Action                   || total
-------------------------++-------
Melee: Unarmed           ||    14
 Cast: Sandblast         ||     2
 Stab: Sleeping          ||     1
Armor: Robe              ||     1
Dodge: Dodged            ||    11

Levels and vault maps discovered:
D:1:      roderic_crop_circles_arrival_small, layout_loops_ring,
          minmay_misc_feat_cross
D:2:      layout_rooms, serial_shops, shop, shapermc_ecumenical_altar_venn

Notes
Turn   | Place    | Note
-------+----------+-------------------------------------------
     0 | D:1      | spaghetti the Deep Dwarf Earth Elementalist began the quest
                  | for the Orb.
     0 | D:1      | Reached XP level 1. HP: 15/15 MP: 3/3
     0 | D:1      | magus.rc [v1.9.6]
    48 | D:2      | Quit the game

Vanquished Creatures
  A ball python (D:2)
  An endoplasm (D:2)
2 creatures vanquished.

Vanquished Creatures (others)
  2 plants (D:1)
2 creatures vanquished.

Grand Total: 4 creatures vanquished

Table legend:
 A = Non-vault XP
 B = Vault XP
 C = Vault XP percentage of total XP
 D = Non-vault monster count
 E = Vault monster count
 F = Vault count percentage of total count
                 A         B        C        D         E       F
            +---------+---------+-------+---------+---------+-------
      Total |       4 |       0 |   0.0 |       2 |       0 |   0.0
            +---------+---------+-------+---------+---------+-------
        D:2 |       4 |       0 |   0.0 |       2 |       0 |   0.0
            +---------+---------+-------+---------+---------+-------

Illustrated notes

Table legend:
 A = Kills in this place as a percentage of kills in entire the game.
 B = Kills by you in this place as a percentage of kills by you in the entire game.
 C = Kills by friends in this place as a percentage of kills by friends in the entire game.
 D = Other kills in this place as a percentage of other kills in the entire game.
 E = Experience gained in this place as a percentage of experience gained in the entire game.
 F = Experience gained in this place divided by the number of levels of this place that you have seen.
                   A       B       C       D       E      F
               +-------+-------+-------+-------+-------+----------------------
         Total | 100.0 | 100.0 |   N/A |   N/A | 100.0 |   2.0
       Dungeon | 100.0 | 100.0 |   N/A |   N/A | 100.0 |   2.0
               +-------+-------+-------+-------+-------+----------------------

Table legend: (Time is in decaauts)
 A = Elapsed time spent in this place.
 B = Non-inter-level travel time spent in this place.
 C = Inter-level travel time spent in this place.
 D = Time resting spent in this place.
 E = Time spent auto-exploring this place.
 F = Levels seen in this place.
 G = Mean time per level.
                   A        B        C        D        E       F      G
               +--------+--------+--------+--------+--------+-----+--------+
         Total |     47 |     47 |      0 |      0 |     10 |   2 |   23.5 |
       Dungeon |     47 |     47 |      0 |      0 |     10 |   2 |   23.5 |
               +--------+--------+--------+--------+--------+-----+--------+

Top non-repeatable levels by time:
     D:1: 27 daAuts
     D:2: 20 daAuts
